 Dungeon Crawl Stone Soup version 0.30-a0-862-g1aabd4f9c5 (webtiles) character file.

Game seed: 3962178953910635665

739 Zenkrye the Spear-Bearer (level 8, -4/58 HPs)
             Began as a Human Cinder Acolyte on Mar 9, 2023.
             Was a High Priest of Ignis.
             Splashed by a jelly's acid (6 damage)
             ... on level 5 of the Dungeon.
             The game lasted 00:11:46 (4342 turns).

Zenkrye the Spear-Bearer (Human Cinder Acolyte)     Turns: 4342, Time: 00:11:46

Health: -4/58      AC:  3    Str: 17    XL:     8   Next: 4%
Magic:  9/9        EV:  6    Int: 15    God:    Ignis [*****.]
Gold:   167        SH:  0    Dex:  8    Spells: 7/9 levels left

rFire   + . .      SeeInvis .    a - -1 spear (flame)
rCold   . . .      Faith    .    (no shield)
rNeg    . . .      Spirit   .    e - +0 chain mail
rPois   .          Reflect  .    j - +1 helmet
rElec   .          Rampage  .    (no cloak)
rCorr   .                        (no gloves)
Will    .....                    d - +0 pair of boots Stlth
                                 (no amulet)
HPRegen 0.29/turn                (no ring)
MPRegen 0.11/turn                (no ring)

@: lethally poisoned (-4 -> -16), about to teleport, corroded, hasted, very
quick
A: no striking features
a: Renounce Religion, Fiery Armour, Foxfire Swarm, Rising Flame


You were on level 5 of the Dungeon.
You worshipped Ignis.
Ignis was extremely pleased with you.
You visited 1 branch of the dungeon, and saw 5 of its levels.

You collected 167 gold pieces.

Inventory:

Hand Weapons
 a - a -1 spear of flaming (weapon)
 l - a +2 sling of draining
 r - a +0 trident
Missiles
 g - 5 datura-tipped darts
 k - 4 javelins
 q - a curare-tipped dart
 v - 2 boomerangs
 w - 2 poisoned darts (quivered)
Armour
 b - a +0 robe
 c - a +0 leather armour
 d - a +0 pair of boots (worn)
 e - a +0 chain mail (worn)
 h - a +0 ring mail
 j - a +1 helmet (worn)
 p - the +2 hat "Arroid" {Will++ Str-5 Int+2}
   (You found it on level 3 of the Dungeon)

   Str:       It affects your strength (-5).
   Int:       It affects your intelligence (+2).
   Will:      It greatly increases your willpower.
Scrolls
 f - a scroll of teleportation {@r3}
 n - 2 scrolls of magic mapping
 o - a scroll of noise {unknown}
 s - a scroll of blinking {unknown}
Potions
 i - a potion of cancellation {unknown}
 m - a potion of brilliance
 u - 2 potions of lignification {unknown}


   Skills:
 - Level 3.0 Fighting
 + Level 8.9 Polearms
 - Level 1.0 Spellcasting
 - Level 3.0 Fire Magic


You had 7 spell levels left.
You knew the following spells:

 Your Spells              Type           Power      Damage    Failure   Level
a - Scorch                Fire           18%        2d6       89%         2

Your spell library contained the following spells:

 Spells                   Type           Power      Damage    Failure   Level
 Gell's Gravitas          Tloc           0%         N/A       100%        3
 Teleport Other           Tloc           0%         N/A       100%        3
 Freezing Cloud           Conj/Ice/Air   0%         6-21      100%        5
 Dispersal                Tloc           0%         N/A       100%        6
 Simulacrum               Ice/Necr       0%         N/A       100%        6
 Polar Vortex             Ice            0%         N/A       100%        9


Dungeon Overview and Level Annotations

Branches:
Dungeon (5/15)
 Temple: D:4-7

Altars:
Makhleb
Wu Jian

Annotations:
D:4 Dowan, Duvessa


Message History

You hit the scorpion. You burn the scorpion.
The scorpion is moderately wounded.
You feel sick.
The scorpion stings you but does no damage.
You hit the scorpion. You burn the scorpion.
The scorpion is heavily wounded.
You feel sick.
You puncture the jelly! You burn the jelly.
Your hands burn!
* * * LOW HITPOINT WARNING * * *
The jelly is severely wounded.
You feel sick.
The scorpion stings you but does no damage.
Okay, then.
Unknown command.
As you read the scroll of teleportation {@r3}, it crumbles to dust.
You feel strangely unstable.
You feel sick. The jelly hits you but does no damage.
The scorpion barely misses you.
You completely miss the jelly.
The jelly is severely wounded.
You feel sick.
You hit the jelly but do no damage. The acid corrodes you!
Your hands burn!
* * * LOW HITPOINT WARNING * * *
The jelly is severely wounded.
The scorpion stings you.
* * * LOW HITPOINT WARNING * * *
The jelly hits you but does no damage.
You hit the jelly but do no damage.
Your hands burn!
* * * LOW HITPOINT WARNING * * *
The jelly is severely wounded.
You feel sick.
You hit the jelly but do no damage. The acid corrodes you!
Your hands burn!
* * * LOW HITPOINT WARNING * * *
The jelly is severely wounded.
The scorpion stings you.
* * * LOW HITPOINT WARNING * * *
You are more poisoned.
The scorpion poisons you! The jelly hits you.
* * * LOW HITPOINT WARNING * * *
You are splashed with acid.
You die...

.........###..# #
............##..##
#
#...........#..##
#..........#..##
#............##
#....#####..##
#...####..##
#....#)J...#
#...gs@#......#
#..(########....
..... #### ..(.
... .. .


You could see a scorpion, a jelly and a gnoll.

Vanquished Creatures
  Grinder (D:4)
  An ogre (D:5)
  A kobold brigand (D:3)
  3 orc priests
  Terence (D:2)
  2 sleepcaps (D:5)
  An orc wizard (D:3)
  Robin (D:1)
  2 gnolls (D:5)
  5 adders
  2 worms (D:2)
  A dart slug (D:3)
  24 orcs
  10 ball pythons
  2 endoplasms
  8 giant cockroaches
  12 goblins
  11 hobgoblins
  A jackal (D:1)
  5 kobolds
  2 quokkas
  4 bats
  A frilled lizard (D:3)
  3 rats
104 creatures vanquished.

Vanquished Creatures (others)
  A gnoll (D:5)
  18 plants (D:2)
19 creatures vanquished.

Grand Total: 123 creatures vanquished

Notes
Turn   | Place    | Note
-------+----------+-------------------------------------------
     0 | D:1      | Zenkrye the Human Cinder Acolyte began the quest for the
                  | Orb.
     0 | D:1      | Reached XP level 1. HP: 18/18 MP: 2/2
   217 | D:1      | Reached XP level 2. HP: 24/24 MP: 3/3
   220 | D:1      | Learned a level 2 spell: Scorch
   675 | D:2      | Reached skill level 4 in Polearms
   675 | D:2      | Reached XP level 3. HP: 15/29 MP: 4/4
   872 | D:2      | Noticed Robin
   960 | D:1      | Killed Robin
   961 | D:1      | Reached XP level 4. HP: 32/35 MP: 1/5
  1183 | D:2      | Noticed Terence
  1203 | D:2      | Killed Terence
  1204 | D:2      | Reached skill level 5 in Polearms
  1294 | D:2      | Reached XP level 5. HP: 40/41 MP: 1/6
  2057 | D:3      | Found an ornate altar of the Wu Jian Council.
  2096 | D:3      | Reached skill level 6 in Polearms
  2189 | D:3      | Reached XP level 6. HP: 11/47 MP: 0/7
  2385 | D:3      | Identified the +2 hat "Arroid" {Will++ Str-5 Int+2}
  2489 | D:3      | Found a burning altar of Makhleb.
  3169 | D:4      | Noticed Duvessa
  3173 | D:4      | Noticed Dowan
  3180 | D:4      | Noticed Grinder
  3183 | D:4      | Paralysed by Grinder for 2 turns
  3196 | D:4      | Paralysed by Grinder for 5 turns
  3203 | D:4      | Killed Grinder
  3204 | D:4      | Reached skill level 7 in Polearms
  3204 | D:4      | Reached XP level 7. HP: 27/52 MP: 8/8
  3537 | D:3      | Reached skill level 8 in Polearms
  4021 | D:5      | Entered Level 5 of the Dungeon
  4243 | D:5      | Reached XP level 8. HP: 56/58 MP: 9/9
  4342 | D:5      | HP: 2/58 [jelly (1)]
  4342 | D:5      | Splashed by a jelly's acid

Illustrated notes

Levels and vault maps discovered:
D:1:      shiori_arrival_elements, layout_basic
D:2:      layout_loops_cross, chequers_big_river, uniq_robin, uniq_terence
D:3:      layout_basic, nzn_wu_jian_contemplation, lemuel_crystal_altar
D:4:      layout_gridville, temple_hall, serial_shops, shop, uniq_grinder,
          uniq_duvessa
D:5:      layout_cave_pods, mainiacjoe_overflow_six_doors_small, fedhas_altar_4,
          minmay_circle_x, uniq_crazy_yiuf_cottage, uniq_blork_the_orc

Skill      XL: |  1  2  3  4  5  6  7 |
---------------+----------------------+-----
Polearms       | 4 5 6 7 8 |  8.9
Fighting       | |  3.0
Spellcasting   | |  1.0
Fire Magic     | |  3.0

Action                     |  1- 3 |  4- 6 |  7- 9 || total
---------------------------+-------+-------+-------++-------
  Melee: Spear             |    99 |   219 |   166 ||   484
         Punch             |     1 |     2 |     1 ||     4
   Fire: Sling             |       |    33 |       ||    33
  Throw: Dart              |       |       |    12 ||    12
         Javelin           |       |       |     7 ||     7
   Cast: Scorch            |     4 |    11 |       ||    15
    Use: Scroll            |     1 |     7 |     1 ||     9
         Potion            |       |     2 |     1 ||     3
 Armour: Leather armour    |     7 |       |       ||     7
         Robe              |    16 |       |       ||    16
         Ring mail         |       |    32 |       ||    32
         Chain mail        |       |    80 |    73 ||   153
  Dodge: Dodged            |    47 |    62 |    28 ||   137

Table legend: (Time is in decaauts)
 A = Elapsed time spent in this place.
 B = Non-inter-level travel time spent in this place.
 C = Inter-level travel time spent in this place.
 D = Time resting spent in this place.
 E = Time spent auto-exploring this place.
 F = Levels seen in this place.
 G = Mean time per level.
                   A        B        C        D        E       F      G
               +--------+--------+--------+--------+--------+-----+--------+
         Total |   4267 |   3983 |    284 |    580 |   2477 |   5 |  853.4 |
       Dungeon |   4267 |   3983 |    284 |    580 |   2477 |   5 |  853.4 |
               +--------+--------+--------+--------+--------+-----+--------+

Top non-repeatable levels by time:
     D:3: 1426 daAuts
     D:2: 1166 daAuts
     D:1: 736 daAuts
     D:4: 636 daAuts
     D:5: 301 daAuts
